 Dungeon Crawl Stone Soup version 0.26-a0-665-gefeb406119 (webtiles) character file.

Game seed: 10087957420133951202

241 jasper the Digger (level 5, -2/60 HPs)
             Began as a Palentonga Earth Elementalist on Oct 13, 2020.
             Slain by an ogre
             ... wielding a +0 giant spiked club
              (22 damage)
             ... on level 4 of the Dungeon.
             The game lasted 00:04:38 (3203 turns).

jasper the Digger (Palentonga Earth Elementalist)   Turns: 3203, Time: 00:04:38

Health: -2/60      AC: 22    Str: 11    XL:     5   Next: 80%
Magic:  3/8        EV:  1    Int: 16    God:
Gold:   119        SH:  0    Dex: 11    Spells: 2/8 levels left

rFire    . . .     SeeInvis +   (no weapon)
rCold    . . .     Faith    .   (no shield)
rNeg     + + +     Spirit   .   (armour currently unavailable)
rPois    +         Reflect  .   (helmet currently unavailable)
rElec    .         Harm     .   (cloak currently unavailable)
rCorr    .         Rampage  .   (gloves currently unavailable)
MR       .....     NoTele   +   (no barding)
Stlth    ++........             (no amulet)
HPRegen  0.20/turn              w - ring of teleportation (curse)
MPRegen  0.11/turn              r - ring of poison resistance

@: tree-form, very slightly contaminated
A: large, rugged brown scales 3, see invisible
a: no special abilities


You were on level 4 of the Dungeon.
You were a tree.
You visited 1 branch of the dungeon, and saw 4 of its levels.

You collected 184 gold pieces.
You spent 65 gold pieces at shops.

Inventory:

Missiles
 b - 56 stones (quivered)
 q - 6 javelins
Armour
 c - a +0 robe (melded)
Jewellery
 a - an uncursed ring of stealth
 r - a ring of poison resistance (right branch)
 w - a cursed ring of teleportation (left branch)
Wands
 x - a wand of flame (7)
Scrolls
 e - a scroll of amnesia
 h - 2 scrolls of enchant armour {unknown}
 j - a scroll of immolation {unknown}
 k - a scroll of random uselessness {unknown}
 n - a scroll of remove curse {unknown}
 o - 3 scrolls of teleportation {unknown}
 u - a scroll of enchant weapon {unknown}
 v - 2 scrolls of identify
Potions
 d - a potion of invisibility
 f - a potion of ambrosia
 g - a potion of degeneration
 i - 2 potions of lignification
 l - a potion of experience {unknown}
 m - a potion of flight {unknown}
 p - 3 potions of curing {unknown}
 s - a potion of heal wounds {unknown}
 t - a potion of might {unknown}


   Skills:
 - Level 1.5 Dodging
 - Level 1.2 Stealth
 - Level 2.0 Spellcasting
 - Level 1.0 Transmutations
 + Level 6.0 Earth Magic


You had 2 spell levels left.
You knew the following spells:

 Your Spells              Type           Power        Failure   Level
a - Sandblast             Erth           ###...       1%          1
b - Passwall              Tmut/Erth      ##......     8%          2
c - Stone Arrow           Conj/Erth      ##....       19%         3

Your spell library contained the following spells:

 Spells                   Type           Power        Failure   Level
 Petrify                  Tmut/Erth      ##......     43%         4
 Lee's Rapid Deconstruct  Erth           ###.......   43%         5


Dungeon Overview and Level Annotations

Branches:
Dungeon (4/15)
 Temple: D:4-7

Altars:

Shops:
D:4 *

Annotations:
D:2 1 runed translucent door, Crazy Yiuf


Innate Abilities, Weirdness & Mutations

(You are completely covered in rugged brown scales. (AC +3, +7% HP))
You have supernaturally acute eyesight. (SInv)
((Armour fits poorly on your strangely shaped body.))
((You can roll at foes to attack.))
((You have a long armoured tail.))


Message History

Confirm with . or Enter, or press ? or * to list all spells.
Aiming: Sandblast (safe; 1% risk of failure)
Press: ? - help, Shift-Dir - straight line, f - ogre
Aim: an ogre, wielding a +0 giant spiked club The blast of sand hits the ogre!
The ogre is moderately wounded.
b - 56 stones The ogre hits you with a +0 giant spiked club.
You take 4 damage, and have 20/60 hp.
You now have 4/8 mp.
Casting: Sandblast (safe; 1% risk of failure)
Confirm with . or Enter, or press ? or * to list all spells.
Aiming: Sandblast (safe; 1% risk of failure)
Press: ? - help, Shift-Dir - straight line, f/p - ogre
Aim: an ogre, wielding a +0 giant spiked club (moderately wounded)
You miscast Sandblast.
You are very lightly contaminated with residual magic.
Nothing appears to happen.
A jackal comes into view.
The ogre hits you with a +0 giant spiked club!!
You die...

#. #.#.# .... #.###
#.#.# # #..O# ...####
#.#.# # .#.... .....#
#.#.# #. ...#.###.##.#
#.#.#
#..##.....#.##.###.#.#
............<.......#
#..#.h#+#...##.###.###
#....hO♣'...##.# #.#
#..#..#)#...##.###.#
.........#.#...##.#
#..##.....#......#.#
#. ................# .
.########......### ..#
#.#...## #.# #.###.#
#.# #.# #.#


You could see an ogre and 2 jackals.

Vanquished Creatures
  An ogre (D:4)
  A worker ant (D:4)
  4 adders
  2 oozes (D:1)
  5 worms
  3 dart slugs
  2 leopard geckos (D:2)
  3 orcs
  7 bats
  A bat zombie (D:1)
  6 giant cockroaches
  3 goblins
  4 hobgoblins
  7 jackals
  4 kobolds
  A quokka (D:4)
  3 frilled lizards
  A giant cockroach zombie (D:1)
  2 rats
60 creatures vanquished.

Notes
Turn   | Place    | Note
-------+----------+-------------------------------------------
     0 | D:1      | jasper the Palentonga Earth Elementalist began the quest
                  | for the Orb.
     0 | D:1      | Reached XP level 1. HP: 14/14 MP: 3/3
   166 | D:1      | Reached skill level 3 in Earth Magic
   257 | D:1      | Reached XP level 2. HP: 21/21 MP: 0/5
   373 | D:1      | HP: 1/21 [kobold/+0 dagger (5)]
   914 | D:1      | Reached XP level 3. HP: 27/27 MP: 4/6
  1321 | D:2      | Reached skill level 4 in Earth Magic
  1708 | D:2      | Found a runed translucent door.
  1709 | D:2      | Noticed Crazy Yiuf
  1841 | D:2      | Learned a level 2 spell: Passwall
  1845 | D:2      | Learned a level 3 spell: Stone Arrow
  1868 | D:3      | Reached XP level 4. HP: 35/35 MP: 3/7
  2346 | D:3      | Reached skill level 5 in Earth Magic
  2735 | D:4      | Reached XP level 5. HP: 35/40 MP: 3/8
  3137 | D:4      | Found Diredgh's General Store.
  3141 | D:4      | Noticed an ogre
  3141 | D:4      | Noticed an ogre
  3151 | D:4      | Killed an ogre
  3151 | D:4      | Reached skill level 6 in Earth Magic
  3191 | D:4      | Bought a scroll of identify for 20 gold pieces
  3191 | D:4      | Bought a wand of flame (7) for 45 gold pieces
  3203 | D:4      | Slain by an ogre

Illustrated notes

Levels and vault maps discovered:
D:1:      saegor_arrival_fortress, layout_loops_ring
D:2:      layout_rooms, uniq_crazy_yiuf_cottage
D:3:      layout_basic
D:4:      layout_loops_ring, serial_shops, kennysheep_mini_moat,
          cheibrodos_sewer_entry_sluice, kennysheep_nub

Skill      XL: |  1  2  3  4  5 |
---------------+----------------+-----
Earth Magic    | 3 4 5 6 |  6.0
Dodging        | |  1.5
Stealth        | |  1.2
Spellcasting   | |  2.0
Transmutations | |  1.0

Action                   |  1- 3 |  4- 6 || total
-------------------------+-------+-------++-------
Melee: Unarmed           |    53 |    36 ||    89
       Tailslap          |     4 |     4 ||     8
Throw: Stone             |       |     1 ||     1
 Cast: Sandblast         |    36 |    38 ||    74
 Abil: Rolling Charge    |     6 |    12 ||    18
  Use: Scroll            |     3 |     3 ||     6
       Potion            |       |     1 ||     1
Armor: Robe              |    29 |    14 ||    43
       Skin              |       |     2 ||     2
Dodge: Dodged            |    30 |    20 ||    50

Table legend: (Time is in decaauts)
 A = Elapsed time spent in this place.
 B = Non-inter-level travel time spent in this place.
 C = Inter-level travel time spent in this place.
 D = Time resting spent in this place.
 E = Time spent auto-exploring this place.
 F = Levels seen in this place.
 G = Mean time per level.
                   A        B        C        D        E       F      G
               +--------+--------+--------+--------+--------+-----+--------+
         Total |   3200 |   3151 |     49 |     92 |   2678 |   4 |  800.0 |
       Dungeon |   3200 |   3151 |     49 |     92 |   2678 |   4 |  800.0 |
               +--------+--------+--------+--------+--------+-----+--------+

Top non-repeatable levels by time:
     D:1: 1197 daAuts
     D:3: 847 daAuts
     D:2: 648 daAuts
     D:4: 507 daAuts
